 Dungeon Crawl Stone Soup version 0.20.1-1-g8b1a95d66d (webtiles) character file.

107 Gargoyl the Skirmisher (level 4, 0/38 HPs)
             Began as a Centaur Abyssal Knight on Dec 29, 2017.
             Was a Believer of Lugonu.
             Slain by Terence
             ... wielding a +1 falchion of electrocution
              (5 damage)
             ... on level 3 of the Dungeon.
             The game lasted 00:06:00 (3117 turns).

Gargoyl the Skirmisher (Centaur Abyssal Knight)     Turns: 3117, Time: 00:06:00

Health: 0/38       AC:  6    Str: 15    XL:     4   Next: 56%
Magic:  6/6        EV:  7    Int: 11    God:    Lugonu [**....]
Gold:   68         SH:  0    Dex:  9    Spells: 3/3 levels left

rFire    + . .     SeeInvis .   o - +0 war axe
rCold    + . .     Gourm    .   (no shield)
rNeg     . . .     Faith    .   n - +0 scale mail
rPois    .         Spirit   .   (no helmet)
rElec    .         Reflect  .   (no cloak)
rCorr    .         Harm     .   (no gloves)
MR       .....                  (no barding)
Stlth    ..........             (no amulet)
Regen    0.2/turn               e - ring "Vuefamm" {rF+ rC+}
MPRegen  0.1/turn               (no ring)

@: very quick
A: hooves 3, deformed body, speed 2, tough skin 3
a: Depart the Abyss, Bend Space, Renounce Religion


You were on level 3 of the Dungeon.
You worshipped Lugonu.
Lugonu was pleased with you.
You were not hungry.

You visited 1 branch of the dungeon, and saw 3 of its levels.
You visited the Abyss 1 time.

You collected 68 gold pieces.

Inventory:

Hand Weapons
 a - a +1 hand axe
 o - a +0 war axe (weapon)
Armour
 n - a +0 scale mail (worn)
Jewellery
 e - the ring "Vuefamm" (left hand) {rF+ rC+}
   (You found it on level 3 of the Abyss)

   [ring of protection from cold]

   It protects you from fire.
   It protects you from cold.
Scrolls
 f - 3 scrolls of remove curse
 g - 4 scrolls of teleportation
 k - 2 scrolls of identify
 m - a scroll of fear {unknown}
Potions
 i - a potion of resistance
 l - a potion of haste
Books
 d - a book of Power

   Spells                             Type                      Level
   a - Iskenderun's Battlesphere      Conjuration/Charms           5
   b - Venom Bolt                     Conjuration/Poison           5
   c - Bolt of Magma                  Conjuration/Fire/Earth       5
   d - Iron Shot                      Conjuration/Earth            6
   e - Orb of Destruction             Conjuration                  7
   f - Spellforged Servitor           Conjuration/Summoning        7
Comestibles
 b - a royal jelly
 c - a bread ration
 h - 2 meat rations


   Skills:
 + Level 3.5 Fighting
 + Level 2.4 Axes
 * Level 2.3 Armour
 + Level 1.1 Dodging
 * Level 2.8 Invocations


You had 3 spell levels left.
You didn't know any spells.

Dungeon Overview and Level Annotations

Branches:
Dungeon (3/15)

Altars:

Annotations:
D:3 Terence


Innate Abilities, Weirdness & Mutations

You have hooves in place of feet.
Armour fits poorly on your strangely shaped body.
You cover ground very quickly.
You have extremely tough skin. (AC +3)


Message History

Terence the Incautious comes into view.
He is wielding a falchion of electrocution.
Terence shouts!
Terence is nearby!
All of the chunks of flesh in your inventory have rotted away.
You see here a scroll of identify.
You hit Terence. You kick Terence.
Terence is moderately wounded.
Terence bares his teeth.
Terence hits you with a falchion of electrocution.
Terence hits you but does no damage.
You are electrocuted!
You hit Terence. Your kick misses Terence.
Terence is moderately wounded.
Terence hits you with a falchion of electrocution.
You are electrocuted!
Ouch! That really hurt!
* * * LOW HITPOINT WARNING * * *
You hit Terence but do no damage. You kick Terence!
Terence is severely wounded.
Terence hits you with a falchion of electrocution.
You die...

.............##.........#
.............##.........#
....#.....#..############
#####.##..........#
##.####...(....# #..#
#........# #.##
##....>..# ####?#
#.......# #...@#
#.......# .......@#
#.......# #.......#
######### #.......#
#.......# #########


You could see Terence.

Vanquished Creatures
  3 adders
  An ooze (D:1)
  5 dart slugs
  2 leopard geckos
  4 orcs (D:3)
  2 giant cockroaches (D:1)
  8 goblins
  5 hobgoblins
  11 kobolds
  A ball python (D:1)
  8 bats
  3 frilled lizards (D:1)
  10 rats
63 creatures vanquished.

Notes
Turn   | Place    | Note
-------+----------+-------------------------------------------
     0 | Abyss:1  | Gargoyl the Centaur Abyssal Knight began the quest for the Orb.
     0 | Abyss:1  | Reached XP level 1. HP: 19/19 MP: 2/2
    30 | Abyss:2  | Found a bloodstained altar of Trog.
    45 | Abyss:2  | Found a corrupted altar of Lugonu.
    69 | Abyss:2  | Noticed a worldbinder
   120 | Abyss:3  | Noticed an ancient zyme
   120 | Abyss:3  | Noticed a large abomination
   120 | Abyss:3  | Noticed a large abomination
   129 | Abyss:3  | Noticed a smoke demon
   130 | Abyss:3  | Noticed a ynoxinul
   137 | Abyss:3  | Noticed a tentacled starspawn
   139 | Abyss:3  | Noticed an apocalypse crab
   142 | Abyss:3  | Got a scorched bone ring
   143 | D:1      | Escaped the Abyss
   144 | D:1      | Identified the ring "Vuefamm" {rF+ rC+} (You found it on level 3 of the Abyss)
   412 | D:1      | Reached XP level 2. HP: 5/26 MP: 3/3
   852 | D:1      | Reached * piety under Lugonu
  1267 | D:1      | Reached XP level 3. HP: 31/31 MP: 4/4
  1786 | D:2      | Reached skill level 1 in Dodging
  1989 | D:2      | Reached XP level 4. HP: 25/38 MP: 6/6
  2134 | D:2      | Reached ** piety under Lugonu
  3111 | D:3      | Noticed Terence
  3117 | D:3      | Slain by Terence

Skill      XL: |  1  2  3 |
---------------+----------+-----
Armour         | 2 |  2.3
Axes           | 2 |  2.4
Dodging        | 1 |  1.1
Fighting       | |  3.5
Invocations    | |  2.8

Action                   |  1- 3 |  4- 6 || total
-------------------------+-------+-------++-------
Melee: Hand axe          |   116 |    20 ||   136
       Kick              |    14 |    11 ||    25
       War axe           |       |    36 ||    36
Invok: Depart the Abyss  |     1 |       ||     1
  Use: Scroll            |     2 |     7 ||     9
       Potion            |       |     1 ||     1
  Eat: Chunk             |     1 |     5 ||     6
Armor: Leather armour    |    20 |       ||    20
       Ring mail         |    31 |       ||    31
       Scale mail        |    13 |    49 ||    62
Dodge: Dodged            |    73 |    39 ||   112
